 Dungeon Crawl Stone Soup version 0.29-a0-451-gfbfa42419e (webtiles) character file.

Game seed: 13566885446813069633

2464 Sobieck the Conjurer (level 9, -3/79 HPs)
             Began as a Yellow Draconian Conjurer on May 19, 2022.
             Was an Initiate of Hepliaklqana.
             Slain by Duvessa
             ... wielding a +0 short sword
              (14 damage)
             ... on level 6 of the Dungeon.
             The game lasted 00:31:33 (8233 turns).

Sobieck the Conjurer (Yellow Draconian Conjurer)    Turns: 8233, Time: 00:31:33

Health: -3/79      AC: 11    Str:  6    XL:     9   Next: 26%
Magic:  9/20       EV: 12    Int: 36    God:    Hepliaklqana [......]
Gold:   266        SH:  0    Dex:  9    Spells: 12/22 levels left

rFire   . . .      SeeInvis .   b - +0 hunting sling {sling}
rCold   . . .      Faith    .   (no shield)
rNeg    . . .      Spirit   .   (body armour unavailable)
rPois   .          Reflect  .   (helmet restricted)
rElec   .          Harm     .   D - +0 cloak
rCorr   +          Rampage  .   l - +0 pair of gloves
Will    .....                   n - +1 pair of boots
Stlth   ++........              (no amulet)
HPRegen 0.23/turn               g - +6 ring of intelligence
MPRegen 0.17/turn               j - ring "Uzxirph" {rCorr Str-4 Int+7}

@: no status effects
A: spit acid, AC +7, unfitting armour, cold-blooded, acid resistance
a: Breathe Acid, Renounce Religion


You were on level 6 of the Dungeon.
You worshipped Hepliaklqana.
Hepliaklqana was noncommittal.
You visited 2 branches of the dungeon, and saw 7 of its levels.

You collected 420 gold pieces.
You spent 154 gold pieces at shops.


Innate Abilities, Weirdness & Mutations

You can spit globs of acid.
Your golden yellow scales are hard. (AC +7)
You cannot fit into any form of body armour.
You are cold-blooded and may be slowed by cold attacks.
You are resistant to acid. (rCorr)


   Skills:
 - Level 7.0 Fighting
 - Level 1.7 Dodging
 - Level 1.7 Stealth
 + Level 7.4 Spellcasting
 + Level 7.5 Conjurations
 - Level 3.0 Hexes
 - Level 1.0 Translocations


You had 12 spell levels left.
You knew the following spells:

 Your Spells              Type           Power      Damage    Failure   Level
a - Iskenderun's Mystic   Conj/Tloc      43%        2d10      5%          4
b - Searing Ray           Conj           100%       2d8       1%          2
c - Fulminant Prism       Conj/Hex       25%        3d14      3%          4

Your spell library contained the following spells:

 Spells                   Type           Power      Damage    Failure   Level
 Magic Dart               Conj           100%       1d8       1%          1
 Static Discharge         Conj/Air       40%        N/A       1%          2
 Dazzling Flash           Conj/Hex       100%       N/A       1%          3
 Beastly Appendage        Tmut           26%        N/A       3%          1
 Wereblood                Tmut           13%        N/A       4%          2
 Sticky Flame             Conj/Fire      40%        2d6       6%          4
 Spider Form              Tmut/Pois      13%        N/A       9%          3
 Dispel Undead            Necr           13%        3d9       30%         4

Inventory:

Hand Weapons
 a - a +2 trident of venom {polearm}
   (You found it on level 3 of the Dungeon)
 b - a +0 hunting sling (weapon) {sling}
   (You found it on level 1 of the Dungeon)
 d - a +2 whip of flaming {mace}
   (You took it off Pikel on level 6 of the Dungeon)
 o - a +0 short sword {short}
   (You took it off a kobold on level 1 of the Dungeon)
 r - a +1 dagger of venom {short}
   (You took it off a goblin on level 4 of the Dungeon)
 s - a +3 vampiric dagger {short}
   (You took it off Robin on level 4 of the Dungeon)
 x - a +0 dagger of draining {short}
   (You took it off an orc on level 4 of the Dungeon)
Missiles
 f - 163 stones {throwing}
 t - a throwing net {=f!fthrowing}
 w - 5 javelins {throwing}
 y - 2 boomerangs {throwing}
 E - a curare-tipped dart {=fthrowing}
Armour
 l - a +0 pair of gloves (worn)
   (You found it on level 3 of the Dungeon)
 n - a +1 pair of boots (worn)
   (You found it on level 3 of the Dungeon)
 D - a +0 cloak (worn)
   (You found it on level 6 of the Dungeon)
Jewellery
 g - a +6 ring of intelligence (left hand)
   (You found it on level 2 of the Dungeon)
 j - the ring "Uzxirph" (right hand) {rCorr Str-4 Int+7}
   (You found it on level 4 of the Dungeon)

   [ring of resist corrosion]

   Str:       It affects your strength (-4).
   Int:       It affects your intelligence (+7).
   rCorr:     It protects you from acid and corrosion.
Wands
 B - a wand of digging (4)
   (You found it on level 5 of the Dungeon)
Scrolls
 A - 2 scrolls of enchant armour
Potions
 c - 7 potions of curing {@q1}
 e - a potion of magic
 h - a potion of haste {@q3}
 i - 2 potions of resistance
 k - 2 potions of brilliance
 m - 4 potions of heal wounds {@q2}
 p - a potion of flight
 q - 2 potions of lignification {unknown}
 u - a potion of cancellation
 v - a potion of invisibility
 z - a potion of attraction {unknown}

Dungeon Overview and Level Annotations

Branches:
Dungeon (6/15)             Temple (1/1) D:6

Altars:
Cheibriados
Dithmenos
Elyvilon
Fedhas
Hepliaklqana
Kikubaaqudgha
Makhleb
Okawaru
Qazlal
Ru
Uskayaw
Wu Jian
Xom
Zin

Shops:
D:3 !([!:

Annotations:
D:6 Duvessa

#.#.# #........[.......<.>...
##.#.# #............#####...##
...#.# #######......# ##.###
####.############......# #.##.
...†...>...............# #.##.
####.############......# ####.##.
#.#....#............###....#..
#.#.........#........##....#..
####.####.#.....@e....8>8#....#..
..........#####........#####....#
#####............#.#.......#.....
#.########...#.#.#####.#.####
###.# #[....#.#.# #....... #≈#.#
#.#####.#.# #.###### #.#.#
#.#.....#.# #.#
#.#.######.#.###.#.#####.#
###........#.#####.#.....######


You could see Duvessa (berserk).


Message History

Duvessa hits your fulminant prism with a +0 short sword!
The blast of energy engulfs Duvessa.
Casting: Fulminant Prism (dangerous; 3% risk of failure)
Confirm with . or Enter, or press ? or * to list all spells.
Aiming: Fulminant Prism (dangerous; 3% risk of failure)
Press: ? - help, Dir - move target
Okay, then.
Casting: Fulminant Prism (dangerous; 3% risk of failure)
Confirm with . or Enter, or press ? or * to list all spells.
Aiming: Fulminant Prism (dangerous; 3% risk of failure)
Press: ? - help, Dir - move target You conjure a prism of explosive energy!
A fulminant prism comes into view.
Duvessa hits your fulminant prism with a +0 short sword.
Something hits your fulminant prism!
Danger!
Press: ? - help, Shift-Dir - straight line, f - Duvessa
Aim: Duvessa, wielding a +0 short sword and wearing a +0 chain mail (heavily wounded, berserk, 78% to hit)
You spit a glob of acid.
The glob of acid misses Duvessa.
Duvessa rages.
Duvessa hits you with a +0 short sword. Duvessa hits you with a +0 short sword!
Duvessa rages.
Duvessa hits you with a +0 short sword!!
Casting: Fulminant Prism (dangerous; 3% risk of failure)
Confirm with . or Enter, or press ? or * to list all spells.
Okay, then.
Casting: Fulminant Prism (dangerous; 3% risk of failure)
Confirm with . or Enter, or press ? or * to list all spells.
Okay, then.
Unknown command.
Okay, then.
Unknown command.
Duvessa rages.
Duvessa hits you but does no damage. Duvessa attacks as you move away!
Duvessa completely misses you. Duvessa closely misses you.
Duvessa hits you with a +0 short sword. Duvessa hits you with a +0 short sword!
Duvessa attacks as you move away! Duvessa hits you but does no damage.
Duvessa closely misses you.
Duvessa rages.
Duvessa barely misses you. Duvessa hits you with a +0 short sword!
* * * LOW HITPOINT WARNING * * *
Duvessa attacks as you move away! Duvessa closely misses you.
Duvessa hits you but does no damage. Duvessa attacks as you move away!
Duvessa hits you with a +0 short sword!
* * * LOW HITPOINT WARNING * * *
You have got your breath back.
Duvessa hits you but does no damage. Duvessa attacks as you move away!
Duvessa hits you with a +0 short sword!
* * * LOW HITPOINT WARNING * * *
As you read the scroll of teleportation {@r4}, it crumbles to dust.
You feel strangely unstable. Duvessa hits you with a +0 short sword!
* * * LOW HITPOINT WARNING * * *
Duvessa hits you but does no damage.
Your surroundings suddenly seem different.
There is a stone staircase leading up here.
You start resting.
You hear a shout! x11
Unknown command.
You start resting.
You hear a shout!
Duvessa is nearby!
Danger!
Casting: Fulminant Prism (dangerous; 3% risk of failure)
Confirm with . or Enter, or press ? or * to list all spells.
Aiming: Fulminant Prism (dangerous; 3% risk of failure)
Press: ? - help, Dir - move target, p - Duvessa You conjure a prism of explosive energy!
A fulminant prism comes into view.
Duvessa hits your fulminant prism with a +0 short sword!
Casting: Fulminant Prism (dangerous; 3% risk of failure)
Confirm with . or Enter, or press ? or * to list all spells.
You don't know that spell.
Casting: Fulminant Prism (dangerous; 3% risk of failure)
Confirm with . or Enter, or press ? or * to list all spells.
Aiming: Fulminant Prism (dangerous; 3% risk of failure)
Press: ? - help, Dir - move target You conjure a prism of explosive energy!
A fulminant prism comes into view.
Your fulminant prism crackles loudly.
Duvessa rages.
Duvessa closely misses you.
The blast of energy engulfs Duvessa!
Casting: Fulminant Prism (dangerous; 3% risk of failure)
Confirm with . or Enter, or press ? or * to list all spells.
Aiming: Searing Ray (safe; 1% risk of failure)
Press: ? - help, Shift-Dir - straight line, f - Duvessa
Aim: Duvessa, wielding a +0 short sword and wearing a +0 chain mail (severely wounded, berserk, 90% to hit)
The searing ray hits Duvessa. (Press . to maintain the ray.) Duvessa hits you with a +0 short sword.
* * * LOW HITPOINT WARNING * * *
The searing ray hits Duvessa but does no damage.
Duvessa hits you with a +0 short sword.
* * * LOW HITPOINT WARNING * * *
Duvessa hits you but does no damage.
The searing ray hits Duvessa.
Duvessa hits you with a +0 short sword!
You die...

Skill      XL: |  1  2  3  4  5  6  7  8  9 |
---------------+----------------------------+-----
Conjurations   | 5 6 7 |  7.5
Fighting       | 3 4 5 6 7 |  7.0
Spellcasting   | 3 5 7 |  7.4
Hexes          | 1 3 |  3.0
Translocations | 1 |  1.0
Dodging        | |  1.7
Stealth        | |  1.7

Action                   |  1- 3 |  4- 6 |  7- 9 || total
-------------------------+-------+-------+-------++-------
Melee: Unarmed           |     2 |       |       ||     2
       Tailslap          |     1 |       |       ||     1
       Punch             |     1 |       |       ||     1
 Fire: Hunting sling     |    29 |    88 |    52 ||   169
 Cast: Magic Dart        |    37 |       |       ||    37
       Searing Ray       |     5 |    35 |    32 ||    72
       Fulminant Prism   |       |     1 |    16 ||    17
 Abil: Breathe Acid      |       |       |    19 ||    19
  Use: Scroll            |       |    12 |     4 ||    16
Armor: Skin              |     7 |     7 |    21 ||    35
Dodge: Dodged            |     9 |    16 |    39 ||    64

Levels and vault maps discovered:
D:1:      dpeg_arrival_tiny_a, layout_basic,
          shapermc_ecumenical_altar_mp_highgroup
D:2:      layout_basic, minmay_gold_behind_fungi
D:3:      layout_rooms, serial_shops, shop, nicolae_shop_stone,
          nicolae_diamond_shop, shop, shop
D:4:      layout_cave_pods, nicolae_ru_path_of_blood, amcnicky_altar_gilded,
          nicolae_dithmenos_the_darkroom, minmay_misc_feat_doors,
          hangedman_decor_riveting, dk_noncrumbling_2, uniq_robin
D:5:      layout_basic, okawaru_gym_becter, doesnt_xom_only_xom,
          fedhas_ov_isle_minmay, gup_sewer_entry_spiral
D:6:      layout_basic, nicolae_elyvilon_temple_path, temple_statues,
          serial_aquarium, aquarium_bridge_square [aquarium_subvault_window,
          aquarium_subvault_wall, aquarium_subvault_bridge,
          aquarium_subvault_window], aquarium_bridge_straight
          [aquarium_subvault_bridge, aquarium_subvault_window,
          aquarium_subvault_bridge, aquarium_subvault_wall],
          aquarium_window_fake, aquarium_window_fake, aquarium_window_1,
          aquarium_view_2g, aquarium_view_2d, aquarium_pool_2,
          chequers_serial_rivers_micro_c, uniq_grinder, uniq_duvessa, uniq_pikel
Temple:   minmay_temple_curvy_loop

Notes
Turn   | Place    | Note
-------+----------+-------------------------------------------
     0 | D:1      | Sobieck the Draconian Conjurer began the quest for the Orb.
     0 | D:1      | Reached XP level 1. HP: 14/14 MP: 3/3
   163 | D:1      | Reached XP level 2. HP: 20/20 MP: 0/5
   411 | D:1      | Learned a level 2 spell: Searing Ray
   754 | D:1      | Found a faded altar of an unknown god.
  1190 | D:1      | Reached skill level 5 in Conjurations
  1288 | D:2      | Reached XP level 3. HP: 26/26 MP: 6/6
  1553 | D:2      | Reached skill level 1 in Fighting
  1940 | D:3      | Noticed a centaur
  1949 | D:3      | Killed a centaur
  1950 | D:3      | Reached skill level 3 in Fighting
  1950 | D:3      | Reached XP level 4. HP: 34/38 MP: 0/7
  1950 | D:3      | Found Dofal's Antique Weapon Shoppe.
  2052 | D:3      | Found Ikhliuhie's Distillery.
  2060 | D:3      | Bought a potion of heal wounds for 70 gold pieces
  2060 | D:3      | Bought 2 potions of curing for 84 gold pieces
  2144 | D:3      | Found Irchirint's Antique Armour Emporium.
  2237 | D:3      | Found Erghadomp's Distillery.
  2242 | D:3      | Reached XP level 5. HP: 43/45 MP: 3/8
  2298 | D:3      | You pick up a book of Changes and begin reading...
  2298 | D:3      | You add the spells Beastly Appendage, Wereblood and Spider
                  | Form to your library.
  2615 | D:3      | Found Sairofys's Book Boutique.
  2832 | D:4      | Reached skill level 3 in Spellcasting
  2922 | D:4      | Found a shadowy altar of Dithmenos.
  3161 | D:4      | Found a burning altar of Makhleb.
  3230 | D:4      | Identified the ring "Uzxirph" {rCorr Str-4 Int+7}
  3265 | D:4      | Reached skill level 6 in Conjurations
  3273 | D:4      | Learned a level 4 spell: Fulminant Prism
  3425 | D:4      | Noticed Robin
  3463 | D:4      | Killed Robin
  3483 | D:4      | Reached XP level 6. HP: 51/51 MP: 4/10
  3934 | D:4      | Reached skill level 1 in Hexes
  4055 | D:4      | Found a sacrificial altar of Ru.
  4454 | D:5      | Entered Level 5 of the Dungeon
  4582 | D:5      | Reached skill level 4 in Fighting
  4657 | D:5      | Your scales start taking on a golden yellow colour.
  4657 | D:5      | Reached XP level 7. HP: 57/59 MP: 6/12
  4657 | D:5      | Gained mutation: You are resistant to acid. (rCorr) [Yellow
                  | Draconian growth]
  4728 | D:5      | Reached skill level 4 in Spellcasting
  4728 | D:5      | Reached skill level 2 in Hexes
  4879 | D:5      | Found a blossoming altar of Fedhas.
  5013 | D:5      | Reached skill level 3 in Hexes
  5066 | D:5      | Reached skill level 5 in Fighting
  5201 | D:5      | Reached skill level 5 in Spellcasting
  5358 | D:5      | Found an iron altar of Okawaru.
  5408 | D:5      | You pick up a book of Touch and begin reading...
  5408 | D:5      | You add the spells Static Discharge, Sticky Flame and
                  | Dispel Undead to your library.
  5453 | D:5      | Found a basalt altar of Yredelemnul.
  5455 | D:5      | Found a hide-covered altar of Uskayaw.
  5455 | D:5      | Found a basalt altar of Yredelemnul.
  5457 | D:5      | Found a blossoming altar of Fedhas.
  5457 | D:5      | Found a hide-covered altar of Uskayaw.
  5457 | D:5      | Found a shimmering altar of Xom.
  5840 | D:5      | Reached XP level 8. HP: 68/68 MP: 12/15
  6019 | D:6      | Noticed Grinder
  6019 | D:6      | Paralysed by Grinder for 5 turns
  6031 | D:6      | Killed Grinder
  6092 | D:6      | Noticed Pikel
  6100 | D:6      | Killed Pikel
  6101 | D:6      | Reached skill level 6 in Spellcasting
  6101 | D:6      | Reached skill level 7 in Conjurations
  6189 | D:6      | Reached skill level 6 in Fighting
  6351 | D:6      | Learned a level 4 spell: Iskenderun's Mystic Blast
  6565 | D:6      | Found a staircase to the Ecumenical Temple.
  6574 | Temple   | Entered the Ecumenical Temple
  6675 | Temple   | Became a worshipper of Hepliaklqana the Forgotten
  6764 | D:6      | Reached skill level 1 in Translocations
  6771 | D:6      | Reached skill level 7 in Spellcasting
  6771 | D:6      | Reached XP level 9. HP: 55/78 MP: 10/19
  7015 | D:6      | Noticed Dowan
  7020 | D:6      | Killed Dowan
  7021 | D:6      | Reached skill level 7 in Fighting
  7578 | D:6      | Found a white marble altar of Elyvilon.
  8147 | D:6      | Noticed Duvessa
  8183 | D:6      | HP: 17/79 [Duvessa/+0 short sword (11)]
  8184 | D:6      | HP: 3/79 [Duvessa/+0 short sword (14)]
  8231 | D:6      | HP: 11/79 [Duvessa/+0 short sword (3)]
  8233 | D:6      | Slain by Duvessa

Vanquished Creatures
  Pikel (D:6)
  Grinder (D:6)
  A steam dragon (D:6)
  An ogre (D:6)
  3 centaurs
  A phantom (D:5)
  A lemure (D:6)
  A kobold brigand (D:6)
  2 necrophages
  A scorpion (D:4)
  Dowan (D:6)
  4 killer bees (D:6)
  An electric eel (D:6)
  5 hounds
  A jelly (D:5)
  5 orc priests
  5 iguanas
  5 orc wizards
  Robin (D:4)
  4 gnolls (D:5)
  4 adders
  A river rat (D:5)
  2 white imps
  An ufetubus (D:6)
  3 worms
  4 dart slugs
  23 orcs
  3 bats
  10 endoplasms
  3 giant cockroaches
  11 goblins
  8 hobgoblins
  8 kobolds
  4 quokkas
  9 ball pythons
  3 frilled lizards
  5 rats
147 creatures vanquished.

Vanquished Creatures (others)
  17 fulminant prisms
  3 fungi (D:6)
  11 plants (D:6)
  6 toadstools (D:2)
37 creatures vanquished.

Grand Total: 184 creatures vanquished

Table legend:
 A = Non-vault XP
 B = Vault XP
 C = Vault XP percentage of total XP
 D = Non-vault monster count
 E = Vault monster count
 F = Vault count percentage of total count
                 A         B        C        D         E       F
            +---------+---------+-------+---------+---------+-------
      Total |    2529 |     991 |  28.2 |     125 |      21 |  14.4
            +---------+---------+-------+---------+---------+-------
        D:1 |      39 |       0 |   0.0 |      20 |       0 |   0.0
        D:2 |      17 |       0 |   0.0 |      10 |       0 |   0.0
        D:3 |     210 |       0 |   0.0 |      21 |       0 |   0.0
        D:4 |     337 |      37 |   9.9 |      24 |      12 |  33.3
        D:5 |     764 |      25 |   3.2 |      26 |       6 |  18.8
        D:6 |    1162 |     929 |  44.4 |      24 |       3 |  11.1
            +---------+---------+-------+---------+---------+-------

Illustrated notes

Table legend:
 A = Kills in this place as a percentage of kills in entire the game.
 B = Kills by you in this place as a percentage of kills by you in the entire game.
 C = Kills by friends in this place as a percentage of kills by friends in the entire game.
 D = Other kills in this place as a percentage of other kills in the entire game.
 E = Experience gained in this place as a percentage of experience gained in the entire game.
 F = Experience gained in this place divided by the number of levels of this place that you have seen.
                   A       B       C       D       E      F
               +-------+-------+-------+-------+-------+----------------------
         Total | 100.0 | 100.0 |   N/A |   N/A | 100.0 | 502.9
       Dungeon | 100.0 | 100.0 |   N/A |   N/A | 100.0 | 586.7
               +-------+-------+-------+-------+-------+----------------------

Table legend: (Time is in decaauts)
 A = Elapsed time spent in this place.
 B = Non-inter-level travel time spent in this place.
 C = Inter-level travel time spent in this place.
 D = Time resting spent in this place.
 E = Time spent auto-exploring this place.
 F = Levels seen in this place.
 G = Mean time per level.
                   A        B        C        D        E       F      G
               +--------+--------+--------+--------+--------+-----+--------+
         Total |   8359 |   8147 |    212 |   1904 |   4623 |   7 | 1194.1 |
       Dungeon |   8186 |   8046 |    140 |   1904 |   4535 |   6 | 1364.3 |
        Temple |    173 |    101 |     72 |      0 |     88 |   1 |  173.0 |
               +--------+--------+--------+--------+--------+-----+--------+

Top non-repeatable levels by time:
     D:6: 1852 daAuts
     D:5: 1825 daAuts
     D:4: 1577 daAuts
     D:1: 1195 daAuts
     D:3: 1134 daAuts
     D:2: 600 daAuts
  Temple: 173 daAuts
